 Dungeon Crawl Stone Soup version 0.27-a0-1185-ga233589e6f (webtiles) character file.

Game seed: 10905098805358579732

2220 DasRunzen the Ducker (level 8, -4/68 HPs)
             Began as a Demigod Gladiator on May 19, 2021.
             Slain by Prince Ribbit (5 damage)
             ... on level 6 of the Dungeon.
             The game lasted 00:12:27 (6471 turns).

DasRunzen the Ducker (Demigod Gladiator)            Turns: 6471, Time: 00:12:28

Health: -4/68      AC: 11    Str: 15    XL:     8   Next: 90%
Magic:  9/9        EV: 14    Int: 18    God:
Gold:   62         SH:  0    Dex: 15    Spells: 15/15 levels left

rFire    + . .     SeeInvis .   m - +11 dagger "Opeengent" {chaos, +Blink rPois MP-9}
rCold    . . .     Faith    .   (no shield)
rNeg     . . .     Spirit   .   p - +2 leather armour {rF+}
rPois    +         Reflect  .   c - +2 helmet
rElec    .         Harm     .   k - +0 cloak
rCorr    .         Rampage  .   r - +0 pair of gloves
Will     .....                  (no boots)
Stlth    +.........             (no amulet)
HPRegen  0.21/turn              (no ring)
MPRegen  0.11/turn              (no ring)

@: brilliant, flying
A: high mp 1, forlorn
a: Evoke Blink


You were on level 6 of the Dungeon.
You visited 1 branch of the dungeon, and saw 6 of its levels.

You collected 272 gold pieces.
You spent 210 gold pieces at shops.

Inventory:

Hand Weapons
 a - a +1 trident
 m - the +11 dagger "Opeengent" (weapon) {chaos, +Blink rPois MP-9}
   (You found it on level 4 of the Dungeon)

   Each time it hits an enemy it has a different, random effect.
   It protects you from poison.
   It affects your magic capacity (-9).
   It lets you blink.
Missiles
 d - 3 throwing nets (quivered)
Armour
 c - a +2 helmet (worn)
 k - a +0 cloak (worn)
 p - a +2 leather armour of fire resistance (worn)
 r - a +0 pair of gloves (worn)
Jewellery
 l - a ring of willpower
Wands
 i - a wand of flame (42)
 s - a wand of digging (7)
Scrolls
 f - 4 scrolls of teleportation
Potions
 b - a potion of might
 e - a potion of resistance
 g - a potion of attraction
 o - a potion of berserk rage {unknown}
 q - a potion of curing {unknown}


   Skills:
 + Level 5.2 Fighting
 + Level 3.8 Short Blades
 - Level 3.8 Polearms
 - Level 1.7 Throwing
 + Level 4.7 Armour
 + Level 5.6 Dodging
 + Level 4.3 Spellcasting


You had 15 spell levels left.
You didn't know any spells.
Your spell library was empty.

Dungeon Overview and Level Annotations

Branches:
Dungeon (6/15)
 Temple: D:4-7

Shops:
D:1 =   D:2 [:(=   D:5 [

Annotations:
D:6 Prince Ribbit
Abyss:1 Blork the orc


Innate Abilities, Weirdness & Mutations

Your attributes grow dramatically as you level up.
You have an increased reservoir of magic. (+10% MP)
You shall have no god before yourself.


Message History

Magic restored.
Prince Ribbit is nearby!
Prince Ribbit gives a loud, deep croak!
Prince Ribbit asks, "Just a little smooch?"
Prince Ribbit blinks!
Prince Ribbit blinks!
No target in view!
Prince Ribbit is nearby!
Prince Ribbit hits you! Prince Ribbit closely misses you.
You are too injured to fight recklessly!
You are too injured to fight recklessly!
You are too injured to fight recklessly!
You miss Prince Ribbit. Prince Ribbit hits you!
* * * LOW HITPOINT WARNING * * *
You hit Prince Ribbit.
You feel better.
Prince Ribbit is lightly wounded.
Prince Ribbit barely misses you.
You miss Prince Ribbit.
Prince Ribbit is lightly wounded.
Prince Ribbit hits you!
* * * LOW HITPOINT WARNING * * *
You barely miss Prince Ribbit.
Prince Ribbit is lightly wounded.
Prince Ribbit hits you!
* * * LOW HITPOINT WARNING * * *
Unknown command.
It was a potion of attraction.
You feel attractive to monsters.
Prince Ribbit blinks!
Prince Ribbit is pulled toward you!
It was a potion of cancellation.
Your magical effects are unravelling.
You feel magically purged.
Prince Ribbit blinks!
Prince Ribbit is pulled toward you!
You feel less attractive to monsters.
It was a potion of flight.
You feel very buoyant.
You fly up into the air.
Prince Ribbit closely misses you.
It was a potion of brilliance.
You feel clever all of a sudden. Prince Ribbit closely misses you.
Prince Ribbit hits you.
You die...

#.# #.# #.# #.# #.# #.# #.#
###.###### #.# ........#### #.#
#...##.#.. #ยง# #...##.#.#
#####.######...##.#.#############
.._............F@.............)..
................................[
###.#.#........##.#.#############
#.#.#.####+####.#.# #.#.#.# #.#.#
# #.### #.#.# #$. #.#.# ## #.#.#
#.#+#


You could see Prince Ribbit.

Vanquished Creatures
  Grinder (D:3)
  Sigmund (D:2)
  Eustachio (D:5)
  Duvessa (D:6)
  Menkaure (D:5)
  A sky beast (D:5)
  An ogre (D:4)
  A black bear (D:5)
  A necrophage (D:6)
  3 phantoms
  A gnoll sergeant (D:4)
  A bullfrog (D:6)
  Dowan (D:6)
  A scorpion (D:5)
  A water moccasin zombie (D:6)
  A wyvern skeleton (D:6)
  A hound (D:5)
  2 jellies
  3 orc priests (D:5)
  Crazy Yiuf (D:2)
  A centaur skeleton (D:4)
  2 iguanas
  An orc wizard (D:5)
  Robin (D:2)
  4 gnolls
  5 adders
  A shadow imp (D:5)
  A white imp (D:5)
  2 worms
  5 dart slugs
  2 orcs (D:6)
  7 endoplasms
  3 giant cockroaches
  11 goblins
  7 hobgoblins
  4 jackals
  3 quokkas
  6 ball pythons
  6 bats
  4 frilled lizards
  7 kobolds
  5 rats
113 creatures vanquished.

Notes
Turn   | Place    | Note
-------+----------+-------------------------------------------
     0 | D:1      | DasRunzen the Demigod Gladiator began the quest for the
                  | Orb.
     0 | D:1      | Reached XP level 1. HP: 17/17 MP: 3/3
   264 | D:1      | Reached XP level 2. HP: 17/24 MP: 4/4
   603 | D:1      | Found Peucoon's Jewellery Shoppe.
   982 | D:2      | Reached XP level 3. HP: 22/29 MP: 6/6
  1057 | D:2      | Found Cext's Jewellery Shoppe.
  1158 | D:2      | Reached skill level 1 in Armour
  1163 | D:2      | Reached skill level 1 in Spellcasting
  1299 | D:2      | Found Dusmynog's Book Emporium.
  1308 | D:2      | You fall into a shaft and drop 1 floor!
  1332 | D:2      | Found Coyssien's Weapon Shop.
  1332 | D:2      | Noticed Sigmund
  1602 | D:3      | Noticed Grinder
  1616 | D:3      | Paralysed by Grinder for 6 turns
  1629 | D:3      | Killed Grinder
  1630 | D:3      | Reached XP level 4. HP: 9/37 MP: 7/9
  1630 | D:3      | Reached XP level 5. HP: 10/44 MP: 7/10
  2496 | D:4      | Noticed an ogre
  2505 | D:4      | Killed an ogre
  2506 | D:4      | Reached XP level 6. HP: 29/51 MP: 10/12
  2889 | D:4      | Identified the +11 dagger "Opeengent" {chaos, +Blink rPois
                  | MP-9}
  3423 | D:5      | Entered Level 5 of the Dungeon
  3480 | D:4      | Reached skill level 1 in Short Blades
  3787 | D:5      | Noticed Eustachio
  3802 | D:5      | Killed Eustachio
  3803 | D:5      | Reached XP level 7. HP: 15/58 MP: 3/14
  4044 | D:5      | Found Rishotol's Antique Armour Shop.
  4058 | D:5      | Noticed Blork the orc
  4063 | D:5      | Banished Blork the orc
  4069 | D:5      | Noticed Menkaure
  4079 | D:5      | Killed Menkaure
  4300 | D:5      | Reached XP level 8. HP: 66/66 MP: 7/16
  4520 | D:5      | Reached skill level 5 in Dodging
  4615 | D:5      | Bought a fading leather armour for 210 gold pieces
  4615 | D:5      | Identified the +1 leather armour "Deqo" {Harm} (You bought
                  | it in a shop on level 5 of the Dungeon)
  4716 | D:2      | Noticed Robin
  4741 | D:2      | Killed Robin
  4910 | D:2      | Killed Sigmund
  5028 | D:2      | Found Dyifiqy's Armour Shop.
  5241 | D:2      | Found a runed translucent door.
  5242 | D:2      | Noticed Crazy Yiuf
  5251 | D:2      | Killed Crazy Yiuf
  5513 | D:6      | Noticed Duvessa
  5513 | D:6      | Noticed Dowan
  5525 | D:6      | Killed Duvessa
  5529 | D:6      | Killed Dowan
  5530 | D:6      | Reached skill level 5 in Fighting
  6154 | D:6      | Noticed Prince Ribbit
  6467 | D:6      | HP: 1/68 [Prince Ribbit (7)]
  6471 | D:6      | Slain by Prince Ribbit

Illustrated notes

Levels and vault maps discovered:
D:1:      psy_arrival_conway, layout_basic, serial_shops, shop
D:2:      layout_rooms, serial_shops, shop_fountains, nicolae_shop_behind_doors,
          shop, shop, shapermc_ecumenical_altar_venn, uniq_robin,
          uniq_crazy_yiuf_cottage, uniq_sigmund
D:3:      layout_basic, minmay_misc_feat_roman, amcnicky_mini_pool_small,
          uniq_grinder
D:4:      layout_loops_cross, grunt_decor_cap, chequers_garden, minivault_25,
          minmay_tree_intersection, corner_web_ring, minmay_liquid_box
D:5:      layout_basic, lemuel_doored_altar, serial_shops, nicolae_shop_stone,
          uniq_menkaure, uniq_blork_the_orc, uniq_eustachio
D:6:      layout_basic, old_standard_altar, overflow_temple_1_default,
          serial_shops, nicolae_shop_trees, kennysheep_generic_room_8,
          uniq_duvessa, uniq_prince_ribbit1

Skill      XL: |  1  2  3  4  5  6  7  8 |
---------------+-------------------------+-----
Fighting       | 2 3 4 5 |  5.2
Dodging        | 3 4 5 |  5.6
Polearms       | 3 |  3.8
Armour         | 2 3 4 |  4.7
Spellcasting   | 1 2 3 4 |  4.3
Short Blades   | 1 2 3 |  3.8
Throwing       | |  1.7

Action                   |  1- 3 |  4- 6 |  7- 9 || total
-------------------------+-------+-------+-------++-------
Melee: Trident           |   119 |    47 |       ||   166
       Dagger            |       |    39 |   182 ||   221
  Use: Scroll            |     7 |     1 |     1 ||     9
       Potion            |     2 |       |     4 ||     6
 Stab: Sleeping          |     3 |     1 |       ||     4
       Confused          |       |       |     1 ||     1
Armor: Leather armour    |    20 |    33 |    57 ||   110
       Skin              |     4 |       |       ||     4
Dodge: Dodged            |    39 |    79 |   119 ||   237

Table legend: (Time is in decaauts)
 A = Elapsed time spent in this place.
 B = Non-inter-level travel time spent in this place.
 C = Inter-level travel time spent in this place.
 D = Time resting spent in this place.
 E = Time spent auto-exploring this place.
 F = Levels seen in this place.
 G = Mean time per level.
                   A        B        C        D        E       F      G
               +--------+--------+--------+--------+--------+-----+--------+
         Total |   6476 |   6089 |    387 |    700 |   4592 |   6 | 1079.3 |
       Dungeon |   6476 |   6089 |    387 |    700 |   4592 |   6 | 1079.3 |
               +--------+--------+--------+--------+--------+-----+--------+

Top non-repeatable levels by time:
     D:4: 1580 daAuts
     D:3: 1065 daAuts
     D:6: 996 daAuts
     D:1: 988 daAuts
     D:2: 976 daAuts
     D:5: 869 daAuts
